 Dungeon Crawl Stone Soup version 0.29.1-13-g9f3cf754e1 (webtiles) character file.

Game seed: 10600528540774359587

2946 GigaChad the Cleaver (level 9, -7/81 HPs)
             Began as a Minotaur Fighter on Jan 20, 2023.
             Killed from afar by an electric eel (9 damage)
             ... with a bolt of electricity
             ... on level 6 of the Dungeon on Jan 24, 2023.
             The game lasted 00:08:59 (5445 turns).

GigaChad the Cleaver (Minotaur Fighter)             Turns: 5445, Time: 00:09:00

Health: -7/81      AC: 18    Str: 24    XL:     9   Next: 51%
Magic:  8/8        EV:  7    Int:  5    God:
Gold:   310        SH:  5    Dex: 11    Spells: 8/8 levels left

rFire   . . .      SeeInvis .   E - +2 war axe (flame)
rCold   . . .      Faith    .   c - +0 buckler
rNeg    . . .      Spirit   .   f - +1 plate armour
rPois   .          Reflect  .   (helmet restricted)
rElec   .          Harm     .   h - +2 cloak
rCorr   .          Rampage  .   (no gloves)
Will    .....                   (no boots)
Stlth   ..........              (no amulet)
HPRegen 0.23/turn               (no ring)
MPRegen 0.11/turn               (no ring)

@: no status effects
A: horns 2, retaliatory headbutt
a: no special abilities


You were on level 6 of the Dungeon.
You visited 1 branch of the dungeon, and saw 6 of its levels.
You also visited: Ossuary.

You collected 310 gold pieces.

Inventory:

Hand Weapons
 a - a +0 war axe
 E - a +2 war axe of flaming (weapon)
Armour
 b - a +0 scale mail
 c - a +0 buckler (worn)
 f - a +1 plate armour (worn)
 h - a +2 cloak (worn)
 l - +0 swamp dragon scales
 F - a +0 troll leather armour
 G - the +1 scale mail of Huyfegao {rPois rF+ Regen+ Dex+2}
   (You found it on level 6 of the Dungeon)

   Dex:       It affects your dexterity (+2).
   rF:        It protects you from fire.
   rPois:     It protects you from poison.
   Regen:     It increases your rate of health regeneration.
Jewellery
 n - a ring of positive energy
 q - a +4 ring of slaying
 r - a ring of protection from cold
Wands
 x - a wand of iceblast (20)
Scrolls
 g - 5 scrolls of amnesia
 k - 4 scrolls of identify
 m - a scroll of noise
 p - 4 scrolls of blinking
 w - a scroll of fog
 y - 5 scrolls of teleportation
 D - a scroll of enchant weapon {unknown}
Potions
 d - 2 potions of might
 e - a potion of flight {unknown}
 i - a potion of heal wounds {unknown}
 j - 2 potions of degeneration {unknown}
 o - 8 potions of curing {unknown}
 s - a potion of invisibility
 t - a potion of attraction {unknown}
 u - 2 potions of brilliance {unknown}
 v - 3 potions of haste {unknown}
 z - 2 potions of lignification {unknown}
 A - 2 potions of berserk rage {unknown}
 C - a potion of mutation {unknown}


   Skills:
 + Level 7.9 Fighting
 + Level 11.4 Axes
 + Level 8.2 Armour
 + Level 1.2 Dodging
 + Level 0.6 Stealth
 + Level 5.6 Shields


You had 8 spell levels left.
You didn't know any spells.
Your spell library contained the following spells:

 Spells                   Type           Power      Damage    Failure   Level
 Shock                    Conj/Air       0%         1d3       100%        1
 Blink                    Tloc           0%         N/A       100%        2
 Lesser Beckoning         Tloc           0%         N/A       100%        3
 Swiftness                Air            0%         N/A       100%        3
 Airstrike                Air            0%         2d(0-16)  100%        4
 Manifold Assault         Tloc           0%         N/A       100%        5


Dungeon Overview and Level Annotations

Branches:
Dungeon (6/15)            Ossuary (visited)
 Temple: D:4-7

Altars:


Innate Abilities, Weirdness & Mutations

You have a pair of horns on your head.
You reflexively headbutt those who attack you in melee.


Message History

The bolt of electricity hits you but does no damage.
The water moccasin bites you.
You hit the electric eel. You burn the electric eel.
Your headbutt misses the electric eel.
The electric eel is severely wounded.
You closely miss the water moccasin.
You feel sick.
The electric eel shoots out a bolt of lightning at you!
The bolt of electricity hits you. The water moccasin barely misses you.
You furiously retaliate!
You headbutt the water moccasin!
You feel sick. You block the water moccasin's attack.
The electric eel shoots out a bolt of lightning at you!
The bolt of electricity hits you! The water moccasin bites you.
There is a large open door, spattered with blood here.
You feel sick.
The electric eel shoots out a bolt of lightning at you!
The bolt of electricity hits the electric eel.
The electric eel completely resists.
The bolt of electricity hits you!
* * * LOW HITPOINT WARNING * * *
The water moccasin barely misses you.
The water moccasin attacks as you move away!
You block the water moccasin's attack.
You feel sick.
The water moccasin attacks as you move away!
The water moccasin bites you but does no damage.
You feel sick. The water moccasin closely misses you.
You feel sick.
You hit the water moccasin. You burn the water moccasin.
You kill the water moccasin!
You feel sick.
You are no longer poisoned.
The electric eel shoots out a bolt of lightning at you!
The bolt of electricity hits you.
* * * LOW HITPOINT WARNING * * *
The electric eel shoots out a bolt of lightning at you!
The bolt of electricity hits the electric eel.
The electric eel completely resists.
The bolt of electricity hits you!
* * * LOW HITPOINT WARNING * * *
There is a large open door, spattered with blood here.
The electric eel shoots out a bolt of lightning at you!
The bolt of electricity hits you!
You die...

# ≈≈≈≈≈#
≈≈≈≈≈≈#
≈≈≈≈≈≈≈##
≈≈≈≈≈≈≈≈#
≈≈≈≈≈≈≈≈#
♣≈≈≈≈≈≈≈###
........'.#
........'@#
♣≈≈≈≈≈SS#.#
≈≈≈≈≈≈≈≈#.#
≈≈≈≈≈≈≈≈#.#
≈≈≈≈≈≈≈##.#
≈≈≈≈≈≈# #.#
≈≈≈≈≈# #.#
≈≈≈≈# ##.#
#####..#


You could see 2 electric eels.

Vanquished Creatures
  Pikel (D:6)
  An unseen horror (D:6)
  A troll (D:6)
  Grinder (D:3)
  A water moccasin (D:6)
  An ogre (D:6)
  An ice beast (D:6)
  2 phantoms
  4 lemures (D:6)
  A necrophage (D:6)
  A bullfrog (D:6)
  A gnoll sergeant (D:5)
  3 scorpions
  3 bullfrog zombies (Ossuary)
  4 centaur zombies (Ossuary)
  3 hounds
  A human zombie (Ossuary)
  A gnoll bouda (D:6)
  2 orc priests (D:5)
  A jelly (D:5)
  An iguana (D:5)
  Natasha (D:3)
  4 orc wizards
  3 ogre zombies (Ossuary)
  A mummy (Ossuary)
  Robin (D:4)
  9 gnolls
  8 adders
  2 shadow imps
  4 adder zombies (Ossuary)
  2 worms
  2 dart slugs (D:1)
  20 orcs
  5 endoplasms
  A giant cockroach (D:1)
  5 gnoll zombies (Ossuary)
  14 goblins
  6 hobgoblins
  6 jackals (D:1)
  7 kobolds
  2 quokkas
  9 ball pythons
  6 bats
  4 frilled lizards
  A goblin zombie (Ossuary)
  4 orc zombies (Ossuary)
  6 rats
168 creatures vanquished.

Notes
Turn   | Place    | Note
-------+----------+-------------------------------------------
     0 | D:1      | GigaChad the Minotaur Fighter began the quest for the Orb.
     0 | D:1      | Reached XP level 1. HP: 19/19 MP: 0/0
    84 | D:1      | Reached XP level 2. HP: 20/27 MP: 1/1
   363 | D:1      | Reached XP level 3. HP: 33/33 MP: 2/2
   484 | D:1      | Reached skill level 3 in Axes
   763 | D:2      | You fall into a shaft and drop 1 floor!
   851 | D:3      | Reached XP level 4. HP: 28/40 MP: 3/3
  1102 | D:3      | Noticed Grinder
  1108 | D:3      | Paralysed by Grinder for 4 turns
  1115 | D:3      | Killed Grinder
  1116 | D:3      | Reached skill level 5 in Axes
  1116 | D:3      | Reached XP level 5. HP: 23/47 MP: 4/4
  1297 | D:3      | Reached XP level 6. HP: 53/53 MP: 5/5
  1368 | D:3      | Found a faded altar of an unknown god.
  1916 | D:3      | Noticed Natasha
  1920 | D:3      | Killed Natasha
  2195 | D:4      | Found a sand-covered staircase.
  2203 | Ossuary  | Entered an ossuary
  2213 | Ossuary  | Reached skill level 6 in Axes
  2224 | Ossuary  | Reached skill level 5 in Fighting
  2369 | Ossuary  | Reached skill level 5 in Armour
  2391 | Ossuary  | Reached XP level 7. HP: 46/61 MP: 6/6
  2479 | Ossuary  | Reached skill level 7 in Axes
  2545 | Ossuary  | Noticed a silent spectre
  2903 | D:4      | Noticed Robin
  2921 | D:4      | Killed Robin
  3029 | D:4      | Reached skill level 8 in Axes
  3175 | D:4      | Reached skill level 5 in Shields
  3609 | D:5      | Entered Level 5 of the Dungeon
  3633 | D:5      | Reached XP level 8. HP: 70/70 MP: 7/7
  4198 | D:5      | Reached skill level 9 in Axes
  4443 | D:6      | Noticed Pikel
  4465 | D:6      | Killed Pikel
  4466 | D:6      | Reached skill level 10 in Axes
  4466 | D:6      | Reached XP level 9. HP: 44/79 MP: 8/8
  5029 | D:6      | Identified the +1 scale mail of Huyfegao {rPois rF+ Regen+
                  | Dex+2}
  5034 | D:6      | Noticed a troll
  5042 | D:6      | Killed a troll
  5043 | D:6      | Reached skill level 11 in Axes
  5043 | D:6      | Reached skill level 1 in Dodging
  5102 | D:6      | Killed an unseen horror
  5444 | D:6      | HP: 2/81 [electric eel/bolt of electricity (14)]
  5445 | D:6      | Killed from afar by an electric eel

Illustrated notes

Levels and vault maps discovered:
D:1:      kennysheep_arrival_forest, layout_rooms, dk_noncrumbling_3
D:2:      wad_crossroads, layout_basic, minmay_circle_x, uniq_terence
D:3:      minmay_door_path, layout_basic,
          hellmonk_ecumenical_altar_defaced_shrine, serial_curves,
          eino_curves_01, eino_curves_02, eino_curves_01, eino_curves_04,
          minmay_fractal_squares_5, uniq_natasha, uniq_grinder
D:4:      layout_basic, nicolae_ossuary_entry_plus, uniq_robin
D:5:      layout_rooms, chequers_serial_rivers_room_b
D:6:      kennysheep_big_flooded_room, layout_rooms, roderic_lattice_a,
          uniq_pikel

Skill      XL: |  1  2  3  4  5  6  7  8  9 |
---------------+----------------------------+-----
Armour         | 4 5 6 8 |  8.2
Shields        | 4 5 |  5.6
Fighting       | 4 5 7 |  7.9
Axes           | 3 5 6 8 10 11 | 11.4
Dodging        | 1 |  1.2
Stealth        | |  0.6

Action                   |  1- 3 |  4- 6 |  7- 9 || total
-------------------------+-------+-------+-------++-------
Melee: War axe           |    82 |    87 |   226 ||   395
       Headbutt          |     7 |    16 |    33 ||    56
Throw: Throwing net      |       |       |     2 ||     2
  Use: Scroll            |       |       |     7 ||     7
Armor: Plate armour      |    88 |   114 |   240 ||   442
       Scale mail        |     1 |       |       ||     1
Dodge: Dodged            |    49 |    18 |    79 ||   146
Block: Buckler           |    31 |    26 |    62 ||   119
